 Dungeon Crawl Stone Soup version 0.30-a0-1075-gcd70e7a56d (webtiles) character file.

Game seed: 3963379104991626820

1732 Newt the Skirmisher (level 9, -3/81 HPs)
             Began as a Kobold Hunter on Apr 14, 2023.
             Slain by a gnoll bouda
             ... wielding a +0 club
              (5 damage)
             ... in the Ecumenical Temple.
             The game lasted 00:06:59 (5700 turns).

Newt the Skirmisher (Kobold Hunter)                 Turns: 5700, Time: 00:07:00

Health: -3/81      AC: 24    Str:  6 (9)  XL:     9   Next: 25%
Magic:  9/9        EV:  3    Int:  7 (10) God:
Gold:   165        SH:  0    Dex: 21 (22) Spells: 8/8 levels left

rFire   . . .      SeeInvis .    n - -1 triple crossbow
rCold   . . .      Faith    .    (shield currently unavailable)
rNeg    . . .      Spirit   .    c - melded +0 leather armour
rPois   +          Reflect  .    j - melded +2 hat
rElec   .          Rampage  .    (cloak currently unavailable)
rCorr   .          NoTele   +    (gloves currently unavailable)
Will    .....                    f - melded +0 pair of boots
Stlth   +++                      (no amulet)
HPRegen 0.33/turn                (no ring)
MPRegen 0.11/turn                (no ring)

@: lethally poisoned (-3 -> -11), tree-form
A: stationary, stasis, torment immunity, boosted hp, small, no large weapons,
nightstalker 3
a: no special abilities


You were in the Ecumenical Temple.
You were a tree.
You visited 2 branches of the dungeon, and saw 8 of its levels.
You also visited: Ossuary.

You collected 225 gold pieces.
You spent 60 gold pieces at shops.

Inventory:

Hand Weapons
 a - a +1 heavy shortbow
 n - a -1 triple crossbow (weapon)
Armour
 c - a +0 leather armour (melded)
 f - a +0 pair of boots (melded)
 j - a +2 hat (melded)
 o - a +2 scale mail of fire resistance
Wands
 m - a wand of charming (9)
 p - a wand of polymorph (16)
Scrolls
 b - a scroll of immolation
 d - 2 scrolls of fear
 q - 3 scrolls of teleportation
 s - 2 scrolls of blinking
Potions
 e - 3 potions of might
 h - 3 potions of berserk rage
 i - a potion of invisibility
 r - a potion of degeneration
 u - a potion of brilliance {unknown}
 v - a potion of attraction {unknown}
 w - a potion of haste


   Skills:
 - Level 5.0 Fighting
 + Level 13.2 Ranged Weapons
 - Level 6.0 Dodging
 - Level 1.3 Stealth


You had 8 spell levels left.
You didn't know any spells.
Your spell library contained the following spells:

 Spells                   Type           Power      Damage    Failure   Level
 Sandblast                Erth           0%         2d4       43%         1
 Shock                    Conj/Air       0%         1d3       43%         1
 Ensorcelled Hibernation  Hex/Ice        0%         N/A       56%         2
 Spider Form              Tmut/Pois      0%         N/A       80%         3
 Swiftness                Air            0%         N/A       80%         3
 Airstrike                Air            0%         2d(0-16)  99%         4
 Anguish                  Hex/Necr       0%         N/A       99%         4
 Borgnjor's Vile Clutch   Necr/Erth      0%         N/A       100%        5
 Iskenderun's Battlesphe  Conj           0%         2d6       100%        5
 Iron Shot                Conj/Erth      0%         9d1       100%        6
 Spellforged Servitor     Conj/Summ      0%         N/A       100%        7


Dungeon Overview and Level Annotations

Branches:
Dungeon (7/15)             Temple (1/1) D:7         Ossuary (visited)

Altars:
Ashenzari
Fedhas
Qazlal
Trog
Uskayaw
Wu Jian
Zin

Shops:
D:3 *   D:4 *


Innate Abilities, Weirdness & Mutations

You are a tree.
Your roots penetrate the ground, keeping you stationary.
You cannot be teleported.
You are immune to unholy pain and torment.
Your maximum health is greatly increased.
Your equipment is partially melded.
You are small and have problems with some larger weapons.
You are completely attuned to the shadows.


Message History

It was a potion of degeneration.
There was something very wrong with that liquid.
You feel weakened.
You feel dopey.
You feel clumsy.
* * * LOW HITPOINT WARNING * * *
You feel very sick.
A killer bee comes into view.
The gnoll completely misses you.
The killer bee moves out of view.
It was a potion of heal wounds.
You feel much better.
You feel sick.
The gnoll bouda barks out a call to the hunt!
The gnoll picks up the pace!
The gnoll hits you from afar with a +1 spear of venom!
You are lethally poisoned!
You hear an angry buzzing noise.
You hear a shout!
You hear an angry buzzing noise.
* * * LOW HITPOINT WARNING * * *
You feel very sick.
You hear a shout!
The gnoll bouda closely misses you.
* * * LOW HITPOINT WARNING * * *
You feel very sick. The gnoll barely misses you.
There is a staircase to the Ecumenical Temple here.
You can't go up here!
* * * LOW HITPOINT WARNING * * *
You feel very sick. The gnoll bouda misses you. The gnoll barely misses you.
You climb downwards.
Welcome to the Ecumenical Temple!
* * * LOW HITPOINT WARNING * * *
You feel sick.
Found a broken altar of Ashenzari.
There is a staircase back to the Dungeon here.
Really quaff the potion of lignification?
You turn into a tree.
Your +2 hat melds into your body.
Your +0 pair of boots melds into your body.
Your +0 leather armour melds into your body.
Your roots penetrate the ground.
* * * LOW HITPOINT WARNING * * *
You feel very sick.
The gnoll bouda hits you with a +0 club.
You die...

.....#
.....##
......#
......#
._..♣g#
......#
......#
.....##
.....#


You could see a gnoll bouda.

Vanquished Creatures
  An ice beast (D:5)
  A sky beast (D:6)
  A centaur (D:5)
  A black bear (D:6)
  A phantom (D:6)
  2 kobold brigands (D:7)
  2 bullfrogs (D:6)
  A scorpion (D:5)
  6 killer bees (D:7)
  A centaur zombie (Ossuary)
  2 human zombies (Ossuary)
  5 orc priests
  Ijyb (D:5)
  2 orc wizards
  2 iguanas (D:5)
  3 mummies
  4 gnolls
  12 adders
  A shadow imp (D:6)
  A white imp (D:5)
  An ufetubus (D:5)
  2 adder zombies (Ossuary)
  3 worms
  A dart slug (D:4)
  14 orcs
  9 endoplasms
  3 giant cockroaches
  6 goblins
  3 hobgoblins
  10 jackals
  2 quokkas (D:4)
  8 ball pythons
  8 bats
  2 frilled lizards (D:1)
  8 hobgoblin zombies (Ossuary)
  A jackal zombie (Ossuary)
  18 kobolds
  11 kobold zombies (Ossuary)
  8 orc zombies (Ossuary)
  8 rats
  3 rat zombies (Ossuary)
179 creatures vanquished.

Notes
Turn   | Place    | Note
-------+----------+-------------------------------------------
     0 | D:1      | Newt the Kobold Hunter began the quest for the Orb.
     0 | D:1      | Reached XP level 1. HP: 12/12 MP: 1/1
   109 | D:1      | Reached XP level 2. HP: 18/18 MP: 2/2
   363 | D:1      | Reached XP level 3. HP: 23/23 MP: 3/3
   791 | D:2      | Found a blossoming altar of Fedhas.
  1251 | D:2      | Reached XP level 4. HP: 18/30 MP: 4/4
  1424 | D:2      | Reached skill level 5 in Fighting
  1860 | D:2      | Reached XP level 5. HP: 35/35 MP: 5/5
  1947 | D:3      | Found a faded altar of an unknown god.
  2244 | D:3      | Reached skill level 6 in Ranged Weapons
  2267 | D:3      | Found Zin's Purification Station.
  2269 | D:3      | Found a glowing silver altar of Zin.
  2411 | D:3      | Found a bloodstained altar of Trog.
  2644 | D:4      | Reached skill level 7 in Ranged Weapons
  2849 | D:3      | Reached XP level 6. HP: 34/40 MP: 6/6
  2995 | D:4      | Reached skill level 8 in Ranged Weapons
  3064 | D:4      | Reached XP level 7. HP: 44/44 MP: 7/7
  3143 | D:4      | Found a hide-covered altar of Uskayaw.
  3173 | D:4      | Got the Encyclopedia of the Mantle
  3300 | D:4      | Found Tootu's Lightly-Used Armoury.
  3305 | D:4      | Bought a -1 triple crossbow for 60 gold pieces
  3317 | D:4      | Reached skill level 9 in Ranged Weapons
  3538 | D:5      | Entered Level 5 of the Dungeon
  3539 | D:5      | Found a stormy altar of Qazlal.
  3584 | D:5      | Found a sand-covered staircase.
  3594 | Ossuary  | Entered an ossuary
  3718 | Ossuary  | Reached skill level 10 in Ranged Weapons
  3968 | D:5      | Reached XP level 8. HP: 49/49 MP: 8/8
  4091 | D:5      | Reached skill level 5 in Dodging
  4157 | D:5      | Noticed Ijyb
  4506 | D:5      | Found an ornate altar of the Wu Jian Council.
  4730 | D:5      | Killed Ijyb
  4830 | D:6      | Found a blossoming altar of Fedhas.
  4940 | D:6      | Reached skill level 11 in Ranged Weapons
  5520 | D:7      | Reached skill level 12 in Ranged Weapons
  5520 | D:7      | Reached XP level 9. HP: 49/54 MP: 9/9
  5668 | D:7      | Found a staircase to the Ecumenical Temple.
  5687 | D:7      | Reached skill level 13 in Ranged Weapons
  5699 | Temple   | Entered the Ecumenical Temple
  5700 | Temple   | HP: 2/81 [poisoned by a gnoll]
  5700 | Temple   | Slain by a gnoll bouda

Illustrated notes

Levels and vault maps discovered:
D:1:      erik_arrival_blinker_ship, layout_loops_cross, minmay_misc_feat_tower,
          minmay_cut_off
D:2:      minmay_diamond_boxcup, layout_loops_corners, basic_altar
D:3:      layout_loops_ring, nicolae_overflow_hidden_temple, zin_purify,
          basic_ecumenical_altar
D:4:      layout_rooms, lemuel_tele_altar, grunt_ministairs_7,
          minmay_shop_damaged
D:5:      layout_gridville, overflow_temple_1_default, lemuel_crystal_altar,
          portal_sewer_entry_b, gup_ossuary_entry_pyramid, nrook_loot_triangle,
          reono_crystal_passage, uniq_ijyb
D:6:      layout_basic, fedhas_altar_1
D:7:      layout_cave_pools, led_sif_pool, minmay_temple_entry_slanted
Temple:   compressed_dpeg_circular_temple

Skill      XL: |  1  2  3  4  5  6  7  8  9 |
---------------+----------------------------+-----
Fighting       | 3 4 5 |  5.0
Ranged Weapons | 7 8 10 12 13 | 13.2
Dodging        | 4 6 |  6.0
Stealth        | |  1.3

Action                     |  1- 3 |  4- 6 |  7- 9 || total
---------------------------+-------+-------+-------++-------
   Fire: Shortbow          |    69 |   103 |    25 ||   197
         Triple crossbow   |       |       |   178 ||   178
    Use: Scroll            |       |     5 |     9 ||    14
         Potion            |       |     2 |     9 ||    11
 Armour: Leather armour    |     4 |    20 |    58 ||    82
  Dodge: Dodged            |    23 |    49 |   245 ||   317

Table legend: (Time is in decaauts)
 A = Elapsed time spent in this place.
 B = Non-inter-level travel time spent in this place.
 C = Inter-level travel time spent in this place.
 D = Time resting spent in this place.
 E = Time spent auto-exploring this place.
 F = Levels seen in this place.
 G = Mean time per level.
                   A        B        C        D        E       F      G
               +--------+--------+--------+--------+--------+-----+--------+
         Total |   5925 |   5769 |    156 |    628 |   3904 |   9 |  658.3 |
       Dungeon |   5542 |   5386 |    156 |    593 |   3700 |   7 |  791.7 |
        Temple |      0 |      0 |      0 |      0 |      0 |   1 |    0.0 |
       Ossuary |    382 |    382 |      0 |     35 |    204 |   1 |  382.0 |
               +--------+--------+--------+--------+--------+-----+--------+

Top non-repeatable levels by time:
     D:2: 1118 daAuts
     D:3: 993 daAuts
     D:5: 931 daAuts
     D:1: 791 daAuts
     D:4: 743 daAuts
     D:6: 732 daAuts
 Ossuary: 382 daAuts
     D:7: 232 daAuts
  Temple: 0 daAuts
